 Dungeon Crawl Stone Soup version 0.26.0-16-gc1dbca0489 (webtiles) character file.

Game seed: 2479671577252695979

21042 littlecub the Fighter (level 12, -5/103 HPs)
             Began as a Demonspawn Fighter on Jan 20, 2021.
             Was an Initiate of Gozag.
             Slain by an orc knight
             ... wielding a +0 great mace
              (32 damage)
             ... on level 1 of the Orcish Mines.
             The game lasted 00:33:07 (14748 turns).

littlecub the Fighter (Demonspawn Fighter)         Turns: 14748, Time: 00:33:07

Health: -5/103     AC: 17    Str: 20    XL:     12   Next: 50%
Magic:  12/12      EV:  9    Int:  8    God:    Gozag
Gold:   2546       SH:  0    Dex: 20    Spells: 11/11 levels left

rFire    + . .     SeeInvis .   H - +10 battleaxe "Hiaqyny" {vamp, rC++ Int-2 Stlth+}
rCold    + + .     Faith    .   (shield currently unavailable)
rNeg     . . .     Spirit   .   q - +0 plate armour
rPois    .         Reflect  .   b - +0 helmet
rElec    .         Harm     .   C - +0 cloak
rCorr    .         Rampage  .   o - +0 pair of gloves
Will     .....                  (no boots)
Stlth    +.........             n - amulet of the acrobat
HPRegen  0.27/turn              a - +4 ring of slaying
MPRegen  0.13/turn              c - ring of protection from fire

@: mighty, gold aura
A: talons 2, thin skeletal structure 3, spiny 1
a: Renounce Religion, Potion Petition, Call Merchant, Bribe Branch


You were on level 1 of the Orcish Mines.
You worshipped Gozag.
Gozag was most pleased with you.
You visited 3 branches of the dungeon, and saw 16 of its levels.
You also visited: Sewer and Ossuary.

You collected 4377 gold pieces.
You spent 1780 gold pieces at shops.
You paid 51 gold pieces to Gozag.

Inventory:

Hand Weapons
 g - a +0 whip
 H - the +10 battleaxe "Hiaqyny" (weapon) {vamp, rC++ Int-2 Stlth+}
   (You bought it in a shop on level 9 of the Dungeon)

   It inflicts no extra harm, but heals its wielder when it wounds a living foe.
   It affects your intelligence (-2).
   It greatly protects you from cold.
   It makes you more stealthy.
Missiles
 i - 87 poisoned darts
 Q - 5 curare-tipped darts (quivered)
Armour
 b - a +0 helmet (worn)
 o - a +0 pair of gloves (worn)
 q - a +0 plate armour (worn)
 C - a +0 cloak (worn)
 K - the cursed +0 buckler "Fatolet" {rElec, unknown}
   (You found it on level 10 of the Dungeon)

   It insulates you from electricity.
   It has a curse placed upon it.
Jewellery
 a - a +4 ring of slaying (left hand)
 c - a ring of protection from fire (right hand)
 d - an uncursed ring of protection from cold
 n - an amulet of the acrobat (around neck)
 t - an uncursed ring of resist corrosion
 x - an uncursed ring of positive energy
 P - an uncursed amulet of guardian spirit {unknown}
Wands
 r - a wand of digging (9)
 D - a wand of paralysis (27)
 E - a wand of acid (6)
 J - a wand of iceblast (15)
 N - a wand of polymorph (9)
Scrolls
 e - 11 scrolls of teleportation
 f - 8 scrolls of enchant armour
 k - 11 scrolls of remove curse
 l - 6 scrolls of blinking
 m - 5 scrolls of enchant weapon
 p - 2 scrolls of fog
 y - a scroll of acquirement {unknown}
 F - 4 scrolls of amnesia
 G - 2 scrolls of brand weapon
 I - a scroll of fear
 L - a scroll of torment {unknown}
 O - a scroll of holy word {unknown}
 R - 3 scrolls of identify
Potions
 h - 11 potions of curing
 j - a potion of resistance {unknown}
 s - 2 potions of heal wounds
 u - 7 potions of flight
 v - 2 potions of lignification
 w - 3 potions of brilliance
 z - a potion of might
 A - 2 potions of berserk rage {unknown}
 B - 3 potions of haste {unknown}
 M - 2 potions of ambrosia {unknown}


   Skills:
 * Level 12.3 Fighting
 * Level 7.5(9.3) Axes
 - Level 8.4(9.7) Maces & Flails
 + Level 8.4 Armour
 + Level 5.5 Dodging
 - Level 6.3 Shields


You had 11 spell levels left.
You didn't know any spells.
Your spell library contained the following spells:

 Spells                   Type           Power        Failure   Level
 Animate Skeleton         Necr           0%           100%        1
 Apportation              Tloc           0%           100%        1
 Corona                   Hex            0%           100%        1
 Foxfire                  Conj/Fire      0%           100%        1
 Summon Small Mammal      Summ           0%           100%        1
 Passwall                 Tmut/Erth      0%           100%        2
 Swiftness                Air            0%           100%        2
 Conjure Flame            Conj/Fire      0%           100%        3
 Inner Flame              Hex/Fire       0%           100%        3
 Passage of Golubria      Tloc           N/A          100%        4
 Sticky Flame             Conj/Fire      0%           100%        4
 Fireball                 Conj/Fire      0%           100%        5
 Lee's Rapid Deconstruct  Erth           0%           100%        5
 Invisibility             Hex            0%           100%        6


Dungeon Overview and Level Annotations

Branches:
Dungeon (13/15)            Temple (1/1) D:4            Lair (0/6) D:10
    Orc (2/2) D:10          Sewer (visited)         Ossuary (visited)
    Elf: Orc:2       Vaults: D:13-14

Altars:
Ashenzari
Cheibriados
Dithmenos
Elyvilon
Fedhas
Gozag
Hepliaklqana
Kikubaaqudgha
Makhleb
Nemelex Xobeh
Okawaru
Qazlal
Ru
Sif Muna
Trog
Uskayaw
Vehumet
Wu Jian
Xom
Yredelemnul
Zin
The Shining One
Beogh

Shops:
D:9 (!*   D:10 (   Orc:1 (

Annotations:
D:4 1 runed translucent door, Alvadar's ghost, novice HuCj


Innate Abilities, Weirdness & Mutations

You have razor-sharp toenails.
You have an unnaturally thin skeletal structure. (Dex +6, Stealth++)
You are partially covered in sharp spines.


Message History

The orc warlord blocks your attack. x2; You closely miss the orc warrior.
The orc warrior is no longer distracted by gold.
You barely miss the orc knight.
The orc warrior is struck by your spines.
You kill the orc warrior!
The orc warlord is struck by your spines.
The orc warlord hits you with a +0 long sword!!
The orc becomes distracted by the nearby gold, dreaming of imaginary riches.
The orc knight becomes distracted by the nearby gold, dreaming of imaginary riches.
The orc shouts!
The orc warlord blocks your attack.
You claw the orc warlord!
The orc warlord is lightly wounded.
You slash the orc knight!
You feel better.
The orc knight is no longer distracted by gold.
You slice the orc warrior!!
The orc warlord hits you with a +0 long sword!!!
* * * LOW HITPOINT WARNING * * *
The orc knight hits you with a +0 great mace!!
You die...
Your body crumbles into a pile of gold.

##...............#.##
#...........#.......###
##.............#...##.##
####..................#
######.##.................##
##.##......................##
#.......##..............#...#
##..#.####...........#.#...##
##...#.##.......@o.....#..##
#.#.........[[[oo$.........##
...........[<).$>[..........#
#..........#.[...o.........##
###.........[.........#..###
##..._.............#......#
#................####.#..##
##...............#.#######
###................#


You could see an orc warlord (strong), an orc knight (strong), an orc warrior
(strong) and an orc (strong).

Vanquished Creatures
  A hydra (D:11)
  A centaur warrior (D:13)
  A two-headed ogre (D:11)
  Urug (D:11)
  Sonja (D:12)
  An unseen horror (D:12)
  An orc sorcerer (Orc:1)
  5 ugly things
  A deep elf mage (D:13)
  A cyclops (shapeshifter) (D:13)
  A cyclops (D:11)
  A gargoyle (D:11)
  2 trolls
  A merfolk (D:9)
  A shadow (D:10)
  A water elemental (D:13)
  2 wyverns (D:8)
  4 wraiths
  7 yaks
  Grum (D:10)
  3 steam dragons (D:10)
  A vampire mosquito (D:8)
  2 wargs (Orc:1)
  Duvessa (D:4)
  A water moccasin (D:8)
  7 sky beasts
  6 ice beasts
  12 orc warriors
  3 phantoms
  3 wolves (D:10)
  2 black bears
  5 ogres
  10 centaurs
  6 big kobolds
  7 bullfrogs
  3 gnoll sergeants
  Dowan (D:4)
  5 scorpions
  5 killer bees
  3 troll zombies (D:10)
  15 wights
  4 howler monkeys
  An electric eel (D:8)
  2 bullfrog zombies
  A centaur zombie (D:5)
  A quasit (D:12)
  5 jellies
  14 hounds
  14 orc wizards
  2 gnoll shamans (D:8)
  12 orc priests
  7 bullfrog skeletons
  A centaur skeleton (D:10)
  Terence (D:2)
  An iguana (D:9)
  13 worker ants
  A big kobold zombie (Ossuary)
  4 ogre zombies (D:10)
  A hound zombie (D:10)
  A hound skeleton (D:9)
  3 mummies (Ossuary)
  A howler monkey zombie (D:6)
  A worker ant zombie (D:2)
  22 gnolls
  21 adders
  5 river rats (Sewer)
  4 ufetubi
  An adder zombie (D:8)
  An adder skeleton (D:8)
  5 worms
  3 dart slugs
  5 leopard geckos
  52 orcs
  13 goblins
  7 hobgoblins
  10 jackals
  6 quokkas
  8 ball pythons
  8 bats
  6 frilled lizards
  A gnoll zombie (Ossuary)
  A goblin zombie (D:10)
  A hobgoblin skeleton (D:10)
  5 hobgoblin zombies
  A jackal zombie (D:8)
  32 kobolds
  4 kobold zombies (Ossuary)
  2 orc skeletons (D:10)
  17 orc zombies (D:10)
  A quokka skeleton (D:8)
  30 rats
499 creatures vanquished.

Vanquished Creatures (others)
  An ogre zombie (D:10)
  An orc (D:10)
  A goblin zombie (D:10)
  3 kobolds (D:8)
  An orc zombie (D:10)
  9 fungi (D:10)
  55 plants
71 creatures vanquished.

Grand Total: 570 creatures vanquished

Notes
Turn   | Place    | Note
-------+----------+-------------------------------------------
     0 | D:1      | littlecub the Demonspawn Fighter began the quest for the
                  | Orb.
     0 | D:1      | Reached XP level 1. HP: 18/18 MP: 1/1
   352 | D:1      | Gained mutation: You have sharp toenails. [demonic
                  | ancestry]
   352 | D:1      | Reached XP level 2. HP: 24/24 MP: 2/2
   745 | D:1      | Gained mutation: You have a somewhat thin skeletal
                  | structure. (Dex +2, Stealth) [demonic ancestry]
   745 | D:1      | Reached XP level 3. HP: 20/29 MP: 3/3
   979 | D:2      | Reached XP level 4. HP: 33/37 MP: 4/4
  1421 | D:2      | Noticed Terence
  1428 | D:2      | Killed Terence
  1429 | D:2      | Reached skill level 4 in Fighting
  1635 | D:3      | Gained mutation: You have a moderately thin skeletal
                  | structure. (Dex +4, Stealth+) [demonic ancestry]
  1635 | D:3      | Reached XP level 5. HP: 41/42 MP: 5/5
  1655 | D:3      | Found an ancient bone altar of Kikubaaqudgha.
  1657 | D:3      | Found a blossoming altar of Fedhas.
  1659 | D:3      | Found a white marble altar of Elyvilon.
  1659 | D:3      | Found a hazy altar of Hepliaklqana.
  2332 | D:3      | Found a burning altar of Makhleb.
  2471 | D:3      | Reached XP level 6. HP: 45/49 MP: 6/6
  3147 | D:4      | Reached skill level 5 in Fighting
  3157 | D:4      | Found a runed translucent door.
  3158 | D:4      | Noticed Alvadar's ghost (novice HuCj)
  3287 | D:4      | Noticed Duvessa
  3289 | D:4      | Noticed Dowan
  3299 | D:4      | Killed Duvessa
  3300 | D:4      | Reached XP level 7. HP: 55/56 MP: 7/7
  3310 | D:4      | Killed Dowan
  3604 | D:4      | Found a staircase to the Ecumenical Temple.
  3614 | Temple   | Entered the Ecumenical Temple
  3798 | Temple   | Became a worshipper of Gozag Ym Sagoz the Greedy
  4242 | D:5      | Entered Level 5 of the Dungeon
  4276 | D:5      | Found a glowing drain.
  4397 | Sewer    | Entered a sewer
  4765 | Sewer    | Reached skill level 6 in Fighting
  4823 | Sewer    | Reached skill level 5 in Maces & Flails
  5013 | Sewer    | Gained mutation: You are partially covered in sharp spines.
                  | [demonic ancestry]
  5013 | Sewer    | Reached XP level 8. HP: 64/64 MP: 8/8
  5643 | D:5      | Found a glowing golden altar of the Shining One.
  6182 | D:6      | Reached skill level 7 in Fighting
  6375 | D:6      | Reached skill level 5 in Armour
  6433 | D:6      | Reached skill level 5 in Shields
  6919 | D:7      | Gained mutation: You have an unnaturally thin skeletal
                  | structure. (Dex +6, Stealth++) [demonic ancestry]
  6919 | D:7      | Reached XP level 9. HP: 72/72 MP: 9/9
  6972 | D:7      | Found an iron altar of Okawaru.
  7813 | D:8      | Reached skill level 8 in Fighting
  7883 | D:8      | Found a sand-covered staircase.
  7942 | Ossuary  | Entered an ossuary
  8662 | D:8      | Found Yddes's Magic Scroll Boutique.
  8666 | D:8      | Bought a scroll of remove curse for 33 gold pieces
  8666 | D:8      | Bought a scroll of blinking for 82 gold pieces
  8666 | D:8      | Bought a scroll of teleportation for 33 gold pieces
  8666 | D:8      | Bought a scroll of remove curse for 33 gold pieces
  8666 | D:8      | Bought a scroll of enchant armour for 82 gold pieces
  8666 | D:8      | Bought a scroll of identify for 22 gold pieces
  8666 | D:8      | Bought a scroll of teleportation for 33 gold pieces
  8666 | D:8      | Bought a scroll of teleportation for 33 gold pieces
  8666 | D:8      | Bought a scroll of remove curse for 33 gold pieces
  8666 | D:8      | Bought a scroll of identify for 22 gold pieces
  8666 | D:8      | Bought a scroll of enchant weapon for 82 gold pieces
  8666 | D:8      | Bought a scroll of identify for 22 gold pieces
  8666 | D:8      | Bought a scroll of identify for 22 gold pieces
  8920 | D:8      | Reached skill level 9 in Fighting
  8920 | D:8      | Reached XP level 10. HP: 83/83 MP: 10/10
  9377 | D:8      | Reached skill level 1 in Dodging
  9939 | D:9      | Found Qocvaxei's Weapon Shoppe.
  9940 | D:9      | Found Byzigot's Distillery.
 10533 | D:9      | Found Niheb's General Store.
 10536 | D:9      | Bought the +10 battleaxe "Hiaqyny" {vamp, rC++ Int-2
                  | Stlth+} for 1203 gold pieces
 10536 | D:9      | Bought a scroll of fear for 45 gold pieces
 10695 | D:9      | Reached skill level 1 in Axes
 10810 | D:10     | Entered Level 10 of the Dungeon
 10827 | D:10     | Noticed Grum
 10838 | D:10     | Killed Grum
 10839 | D:10     | Reached skill level 10 in Fighting
 10864 | D:10     | Found Uskatauke's Antique Weapon Emporium.
 11160 | D:10     | Reached XP level 11. HP: 91/91 MP: 11/11
 11223 | D:10     | Got a scorched buckler
 11303 | D:10     | Found a staircase to the Orcish Mines.
 11957 | D:10     | Found a staircase to the Lair.
 12124 | D:11     | You fall into a shaft and drop 1 floor!
 12124 | D:12     | Noticed Sonja
 12125 | D:12     | Noticed a deep elf mage
 12133 | D:13     | Noticed a sixfirhy
 12135 | D:13     | Killed a deep elf mage
 12242 | D:13     | Noticed a centaur warrior
 12250 | D:13     | Reached skill level 11 in Fighting
 12250 | D:13     | Reached skill level 5 in Axes
 12254 | D:13     | Killed a centaur warrior
 12459 | D:12     | Noticed a purple ugly thing
 12464 | D:12     | Killed a purple ugly thing
 12991 | D:11     | Noticed a two-headed ogre
 12996 | D:11     | Killed a two-headed ogre
 13217 | D:11     | Noticed a white ugly thing
 13222 | D:11     | Killed a white ugly thing
 13223 | D:11     | Gained mutation: You have razor-sharp toenails. [demonic
                  | ancestry]
 13223 | D:11     | Reached XP level 12. HP: 74/100 MP: 12/12
 13236 | D:11     | Noticed a four-headed hydra
 13248 | D:11     | Killed a four-headed hydra
 13518 | D:11     | Noticed Urug
 13530 | D:11     | Killed Urug
 13531 | D:11     | Reached skill level 5 in Dodging
 13937 | D:12     | Killed Sonja
 13966 | D:12     | Reached skill level 12 in Fighting
 14391 | Orc:1    | Entered Level 1 of the Orcish Mines
 14391 | Orc:1    | Found a roughly hewn altar of Beogh.
 14446 | Orc:1    | Found Ronn's Antique Weapon Boutique.
 14725 | Orc:2    | Entered Level 2 of the Orcish Mines
 14725 | Orc:2    | Noticed an orc warlord
 14734 | Orc:2    | Noticed a two-headed ogre
 14741 | Orc:2    | Noticed a two-headed ogre
 14748 | Orc:1    | Slain by an orc knight

Illustrated notes

Levels and vault maps discovered:
D:1:      dpeg_arrival_chambers_temple_mockup, layout_rooms, minmay_tetromino_s4
D:2:      layout_basic, uniq_terence
D:3:      layout_loops_corners, makhleb_heckhound_becter,
          grunt_temple_overflow_open
D:4:      layout_basic, minmay_temple_entry_arrows, gammafunk_ghost_grave,
          uniq_duvessa
D:5:      layout_cave_pods, cheibrodos_sewer_entry_sluice, tso_altar
D:6:      layout_basic, kennysheep_boxes
D:7:      layout_loops_corners, kennysheep_okawaru_gauntlet, grunt_ministairs_5
D:8:      nzn_winding_woodlands_three_and_one
          [nzn_winding_woodlands_5x15_river_crossing,
          nzn_winding_woodlands_5x15_sidewinder,
          nzn_winding_woodlands_5x15_zeroes,
          nzn_winding_woodlands_center_garden], layout_cave_pools,
          nicolae_ossuary_entry_monument, serial_gnoll_camp,
          gnoll_camp_mini_shop, gnoll_camp_mini_loothouse,
          gnoll_camp_mini_basic, gnoll_camp_mini_basic, gnoll_camp_mini_house,
          gnoll_camp_mini_sergeant, lemuel_old_faithful
D:9:      layout_loops_cross, serial_shops, shop, kennysheep_mini, shop,
          kennysheep_small_spiral, hangedman_fish_farm
D:10:     layout_rooms, grunt_lair_entry_orc_guard_hut, zombieorc2_lemuel,
          serial_shops, shop, hangedman_misty_isle, uniq_grum
D:11:     layout_irregular_city, serial_column_ruins, column_ruins_open_large,
          column_ruins_corridor_straight, column_ruins_grid_1,
          column_ruins_columns_corner, column_ruins_open_small,
          column_ruins_corridor_corner, uniq_urug
D:12:     layout_big_octagon, serial_rivers, chequers_serial_rivers_marsh,
          chequers_serial_rivers_small_3, chequers_serial_rivers_small_3,
          chequers_serial_rivers_micro_a, chequers_serial_rivers_micro_c,
          uniq_sonja
D:13:     layout_cave_pools, erik_vaults_2, minivault_4, serial_bayou_crossing
Temple:   regret_index_temple_sphere_string
Orc:1:    layout_caves, basic_altar, serial_shops, shop_statue
Orc:2:    st_orc_ogre_mass, layout_caves, basic_altar, serial_shops,
          nicolae_shop_behind_doors, uniq_erolcha, uniq_josephine

Skill      XL: |  1  2  3  4  5  6  7  8  9 10 11 12 |
---------------+-------------------------------------+-----
Maces & Flails | 2 3 4 5 6 7 8 |  8.4
Armour         | 3 4 5 6 7 8 |  8.4
Shields        | 3 4 5 6 |  6.3
Fighting       | 4 5 6 7 9 10 11 12 | 12.3
Dodging        | 3 4 5 |  5.5
Axes           | 3 6 7 |  7.5

Action                   |  1- 3 |  4- 6 |  7- 9 | 10-12 || total
-------------------------+-------+-------+-------+-------++-------
Melee: Flail             |    30 |       |       |       ||    30
       Whip              |    27 |   136 |   492 |   172 ||   827
       Kick              |    11 |     6 |   145 |   176 ||   338
       Battleaxe         |       |       |       |   286 ||   286
Throw: Dart              |    14 |    99 |    59 |       ||   172
Evoke: Wand              |       |       |       |     6 ||     6
  Use: Potion            |       |     1 |     1 |     2 ||     4
       Scroll            |       |       |    16 |     3 ||    19
 Stab: Sleeping          |       |     4 |     4 |     2 ||    10
       Distracted        |       |       |     4 |     9 ||    13
Armor: Scale mail        |    23 |    35 |    43 |       ||   101
       Chain mail        |       |       |    28 |       ||    28
       Plate armour      |       |       |    78 |   223 ||   301
Dodge: Dodged            |    16 |    40 |   104 |   222 ||   382
Block: Kite shield       |    23 |    63 |   186 |    57 ||   329
